 Dungeon Crawl Stone Soup version 0.29.0-4-gdea44cf6ec (webtiles) character file.

Game seed: 11801087808878547721

305 qw the Chopper (level 6, -2/35 HPs)
             Began as a Tengu Warper on Aug 28, 2022.
             Slain by an orc
             ... wielding a +2 hand axe of flaming
              (8 damage)
             ... on level 3 of the Dungeon.
             The game lasted 00:00:16 (2937 turns).

qw the Chopper (Tengu Warper)                       Turns: 2937, Time: 00:00:17

Health: -2/35      AC:  4    Str: 14    XL:     6   Next: 39%
Magic:  10/10      EV: 15    Int: 13    God:
Gold:   159        SH:  5    Dex: 19    Spells: 9/9 levels left

rFire   . . .      SeeInvis .   Y - +1 hand axe
rCold   . . .      Faith    .   (no shield)
rNeg    . . .      Spirit   .   b - +0 leather armour
rPois   .          Reflect  +   (helmet restricted)
rElec   .          Harm     .   (no cloak)
rCorr   .          Rampage  .   n - +0 pair of gloves {Stlth+}
Will    .....                   (boots unavailable)
Stlth   ++........              l - amulet of reflection
HPRegen 0.11/turn               k - +6 ring of dexterity
MPRegen 0.12/turn               (no ring)

@: flying quickly and evasively, quick
A: beak, talons 3, nimble flight
a: no special abilities


You were on level 3 of the Dungeon.
You visited 1 branch of the dungeon, and saw 3 of its levels.

You collected 159 gold pieces.


Innate Abilities, Weirdness & Mutations

You have a beak for a mouth.
You have claws for feet.
Your magical nature lets you fly swiftly and evasively.


   Skills:
 - Level 2.0 Fighting
 + Level 6.8 Axes
 - Level 1.0 Throwing
 - Level 1.1 Armour
 - Level 3.2 Dodging
 - Level 2.0 Spellcasting
 - Level 2.4 Translocations


You had 9 spell levels left.
You didn't know any spells.
Your spell library contained the following spells:

 Spells                   Type           Power      Damage    Failure   Level
 Blink                    Tloc           14%        N/A       19%         2
 Gell's Gravitas          Tloc           7%         N/A       34%         3
 Lesser Beckoning         Tloc           7%         N/A       34%         3
 Teleport Other           Tloc           7%         N/A       34%         3
 Manifold Assault         Tloc           7%         N/A       97%         5

Inventory:

Hand Weapons
 p - a +0 flail
 Y - a +1 hand axe (weapon)
Armour
 b - a +0 leather armour (worn)
 n - a +0 pair of gloves of stealth (worn)
 s - a +0 chain mail
Jewellery
 f - a ring of ice
 k - a +6 ring of dexterity (left hand)
 l - an amulet of reflection (around neck)
Scrolls
 a - a scroll of identify
 c - a scroll of teleportation
 m - a scroll of amnesia {unknown}
 o - a scroll of noise {unknown}
 r - a scroll of vulnerability {unknown}
Potions
 d - a potion of lignification {unknown}
 e - a potion of mutation {unknown}
 g - 2 potions of heal wounds
 h - a potion of berserk rage {unknown}
 i - a potion of haste {unknown}
 j - a potion of magic {unknown}
 q - a potion of curing

Dungeon Overview and Level Annotations

Branches:
Dungeon (3/15)

Altars:
Nemelex Xobeh

Shops:
D:1 (


Message History

You hit the orc priest.
You kill the orc priest!
You hit the rat.
You kill the rat!
An adder comes into view.
The adder hisses angrily.
You hit the orc but do no damage. You claw the orc.
The orc is lightly wounded.
An orc comes into view. It is wielding a +0 dagger.
You block the orc's attack.
You hit the orc. Your peck misses the orc.
The orc is severely wounded.
The orc misses you.
You hit the orc. Your kick misses the orc.
The orc is almost dead.
You hit the orc.
The orc hits you with a +2 hand axe of flaming.
The orc burns you. The orc barely misses you.
You hit the orc.
You kill the orc!
You hit the orc.
The orc hits you with a +2 hand axe of flaming.
The orc burns you.
You hit the orc but do no damage. You claw the orc.
The orc is almost dead.
You hit the adder. You closely miss the orc. The adder misses you.
The orc hits you but does no damage. The orc misses you.
You hit the orc but do no damage. You claw the orc, but do no damage.
You peck the orc, but do no damage.
The orc is almost dead.
You hit the orc but do no damage. You closely miss the adder.
The adder misses you.
The orc hits you with a +2 hand axe of flaming.
The orc burns you. The orc hits you with a +0 dagger.
You closely miss the orc. Your kick misses the orc.
The orc is almost dead.
You hit the adder. You hit the orc but do no damage.
You block the adder's attack. The orc hits you with a +0 dagger.
The orc hits you with a +2 hand axe of flaming!
You die...

#####)####...##
##.###.............#
#........#.####...##
#..###.#.#.# ##.##
#..###.#.#.# #.#
#..........# #.#
#.##...#.### ##'##
#.###.# ##...## #@# #.#
##.....## ......ooS...#
##.......# ##..........#
#.........
..............+.........
##..##......###.........
#.. #....#.# ##.......#
#. #...##.# ##.....## #
##.## # ##...... ##.####


You could see an adder and 2 orcs.

Vanquished Creatures
  Sigmund (D:2)
  2 orc priests (D:3)
  3 adders
  4 dart slugs
  5 orcs (D:3)
  5 ball pythons
  4 bats
  6 endoplasms
  A giant cockroach (D:2)
  5 goblins
  5 hobgoblins
  4 jackals (D:2)
  A quokka (D:1)
  5 frilled lizards
  2 kobolds (D:1)
  5 rats
58 creatures vanquished.

Notes
Turn   | Place    | Note
-------+----------+-------------------------------------------
     0 | D:1      | qw the Tengu Warper began the quest for the Orb.
     0 | D:1      | Reached XP level 1. HP: 12/12 MP: 4/4
     0 | D:1      | 0 ||| qw: Version: 0.1-a-89-g26bdef1
     0 | D:1      | 0 ||| qw: Game counter: 1156
     0 | D:1      | 0 ||| qw: Always use a shield: true
     0 | D:1      | 0 ||| qw: God list: Okawaru
     0 | D:1      | 0 ||| qw: Allow faded altars: false
     0 | D:1      | 0 ||| qw: Do Orc after D:15 true
     0 | D:1      | 0 ||| qw: Do second Lair branch before Depths: true
     0 | D:1      | 0 ||| qw: Lair rune preference: random
     0 | D:1      | 0 ||| qw: Plans: Normal
     0 | D:1      | 0 ||| PLANNING D:1-11
    23 | D:1      | 23 ||| Stepping ~*~*~tactically~*~*~ (stealth).
    53 | D:1      | Reached XP level 2. HP: 17/17 MP: 6/6
   100 | D:1      | Reached skill level 3 in Axes
   141 | D:1      | Found Ipnor's Weapon Boutique.
   145 | D:1      | 145 ||| Stepping ~*~*~tactically~*~*~ (stealth).
   149 | D:1      | 149 ||| Stepping ~*~*~tactically~*~*~ (hiding).
   152 | D:1      | 152 ||| Stepping ~*~*~tactically~*~*~ (hiding).
   172 | D:1      | 172 ||| SHOPLISTING +2 vampiric demon whip (741 gold, have
                  | 14).
   172 | D:1      | 172 ||| SHOPLISTING +2 war axe of freezing (237 gold, have
                  | 14).
   172 | D:1      | 172 ||| SHOPLISTING +6 flail "Oddicymp" {venom, rF+ rN+
                  | Stlth+} (717 gold, have 14).
   293 | D:1      | 293 ||| Stepping ~*~*~tactically~*~*~ (stealth).
   294 | D:1      | 294 ||| Stepping ~*~*~tactically~*~*~ (stealth).
   296 | D:1      | 296 ||| Stepping ~*~*~tactically~*~*~ (hiding).
   312 | D:1      | 312 ||| Stepping ~*~*~tactically~*~*~ (stealth).
   502 | D:1      | Found a faded altar of an unknown god.
   550 | D:1      | Reached XP level 3. HP: 21/21 MP: 7/7
   828 | D:1      | 828 ||| UPGRADING to +6 ring of dexterity.
   829 | D:1      | 829 ||| READING 2 scrolls labelled JAROIS IROSK.
   830 | D:1      | 830 ||| READING scroll labelled XUDDUL BOCAM.
   831 | D:1      | 831 ||| READING scroll labelled LUQEOCS YFUYG.
   832 | D:1      | 832 ||| DRINKING 3 purple potions.
   833 | D:1      | 833 ||| DRINKING 2 pink potions.
   834 | D:1      | 834 ||| DROPPING scroll of blinking.
   835 | D:1      | 835 ||| Stepping randomly (stuck).
   836 | D:1      | 836 ||| Stepping ~*~*~tactically~*~*~ (cloud).
   837 | D:1      | 837 ||| DRINKING 2 potions of curing.
   837 | D:1      | 837 ||| (to cure poison)
  1030 | D:2      | Found a sparkling altar of Nemelex Xobeh.
  1033 | D:2      | 1033 ||| Stepping ~*~*~tactically~*~*~ (stealth).
  1047 | D:2      | Reached skill level 4 in Axes
  1295 | D:2      | 1295 ||| DROPPING +0 club.
  1373 | D:2      | 1373 ||| Stepping ~*~*~tactically~*~*~ (stealth).
  1376 | D:2      | 1376 ||| Stepping ~*~*~tactically~*~*~ (stealth).
  1381 | D:2      | 1381 ||| Stepping ~*~*~tactically~*~*~ (stealth).
  1382 | D:2      | 1382 ||| Stepping ~*~*~tactically~*~*~ (stealth).
  1384 | D:2      | 1384 ||| Stepping ~*~*~tactically~*~*~ (stealth).
  1500 | D:2      | Reached XP level 4. HP: 16/26 MP: 8/8
  1801 | D:2      | Noticed Sigmund
  1807 | D:2      | 1807 ||| DRINKING potion of curing.
  1807 | D:2      | 1807 ||| (to cure confusion)
  1808 | D:2      | Killed Sigmund
  1809 | D:2      | Reached skill level 6 in Axes
  1809 | D:2      | Gained mutation: Your magical nature lets you fly swiftly
                  | and evasively. [Tengu growth]
  1809 | D:2      | Reached XP level 5. HP: 11/30 MP: 9/9
  2292 | D:2      | 2292 ||| Stepping ~*~*~tactically~*~*~ (stealth).
  2294 | D:2      | 2294 ||| Stepping ~*~*~tactically~*~*~ (stealth).
  2296 | D:2      | 2296 ||| Stepping ~*~*~tactically~*~*~ (stealth).
  2341 | D:2      | Reached XP level 6. HP: 35/35 MP: 10/10
  2470 | D:2      | 2470 ||| UPGRADING to +0 pair of gloves of stealth.
  2475 | D:2      | 2475 ||| UPGRADING to amulet of reflection.
  2480 | D:2      | 2480 ||| READING 2 scrolls labelled USA AWIJAI.
  2484 | D:2      | 2484 ||| READING scroll labelled UNTAKH QOUGIE.
  2485 | D:2      | 2485 ||| READING scroll labelled IVVISA AMNIONGYBOS.
  2638 | D:3      | 2638 ||| DROPPING +0 whip.
  2824 | D:3      | 2824 ||| Stepping ~*~*~tactically~*~*~ (stealth).
  2826 | D:3      | 2826 ||| Stepping ~*~*~tactically~*~*~ (stealth).
  2828 | D:3      | 2828 ||| Stepping ~*~*~tactically~*~*~ (stealth).
  2830 | D:3      | 2830 ||| Stepping ~*~*~tactically~*~*~ (stealth).
  2834 | D:3      | 2834 ||| Stepping ~*~*~tactically~*~*~ (stealth).
  2845 | D:3      | Reached skill level 3 in Dodging
  2937 | D:3      | HP: 6/35 [orc/+0 dagger (3)]
  2937 | D:3      | Slain by an orc

Levels and vault maps discovered:
D:1:      minmay_arrival_shattered_statue, layout_basic,
          ebering_ecumenical_altar_hall, serial_shops, shop
D:2:      layout_basic, basic_altar, serial_curves, eino_curves_04,
          eino_curves_01, eino_curves_02, feat_on_display, uniq_sigmund
D:3:      layout_loops_corners, uniq_grinder

Skill      XL: |  1  2  3  4  5  6 |
---------------+-------------------+-----
Axes           | 3 4 6 |  6.8
Dodging        | 3 |  3.2
Fighting       | |  2.0
Throwing       | |  1.0
Armour         | |  1.1
Spellcasting   | |  2.0
Translocations | |  2.4

Action                   |  1- 3 |  4- 6 || total
-------------------------+-------+-------++-------
Melee: Hand axe          |    65 |    54 ||   119
       Kick              |    17 |    19 ||    36
       Peck              |     9 |     8 ||    17
Throw: Boomerang         |     7 |       ||     7
  Use: Potion            |     3 |     1 ||     4
       Scroll            |     3 |     3 ||     6
 Stab: Sleeping          |     1 |     2 ||     3
Armor: Leather armour    |    15 |     3 ||    18
Dodge: Dodged            |    38 |    21 ||    59
Block: Other             |       |     2 ||     2

Table legend:
 A = Non-vault XP
 B = Vault XP
 C = Vault XP percentage of total XP
 D = Non-vault monster count
 E = Vault monster count
 F = Vault count percentage of total count
                 A         B        C        D         E       F
            +---------+---------+-------+---------+---------+-------
      Total |     226 |     210 |  48.2 |      57 |       1 |   1.7
            +---------+---------+-------+---------+---------+-------
        D:1 |      35 |       0 |   0.0 |      20 |       0 |   0.0
        D:2 |      75 |     210 |  73.7 |      26 |       1 |   3.7
        D:3 |     116 |       0 |   0.0 |      11 |       0 |   0.0
            +---------+---------+-------+---------+---------+-------
